 Dungeon Crawl Stone Soup version 0.27-a0-828-g8289197e94 (webtiles) character file.

Game seed: 16073310136590716266

74 polve the Changer (level 4, -8/35 HPs)
             Began as a Draconian Transmuter on Mar 30, 2021.
             Mangled by a gnoll shaman
             ... wielding a +0 whip
              (9 damage)
             ... on level 1 of the Dungeon.
             The game lasted 00:02:12 (2576 turns).

polve the Changer (Draconian Transmuter)            Turns: 2576, Time: 00:02:12

Health: -8/35      AC:  5    Str: 13    XL:     4   Next: 10%
Magic:  6/7        EV: 12    Int: 14    God:
Gold:   59         SH:  0    Dex: 11    Spells: 6/7 levels left

rFire    . . .     SeeInvis .     - Unarmed
rCold    . . .     Faith    .   (no shield)
rNeg     . . .     Spirit   .   (armour unavailable)
rPois    .         Reflect  .   (helmet currently unavailable)
rElec    .         Harm     .   (no cloak)
rCorr    .         Rampage  .   (no gloves)
Will     .....                  (boots currently unavailable)
Stlth    +.........             (no amulet)
HPRegen  0.11/turn              (no ring)
MPRegen  0.10/turn              (no ring)

@: appendages, attractive
A: horns 2, talons 2, AC +5, unfitting armour, cold-blooded
a: End Transformation


You were on level 1 of the Dungeon.
You had temporarily grown beastly horns and talons.
You visited 1 branch of the dungeon, and saw 2 of its levels.

You collected 59 gold pieces.

Inventory:

Armour
 e - a +0 pair of boots (melded)
 f - a +0 pair of gloves
Jewellery
 a - a ring of fire
 c - a ring of fire
Scrolls
 b - a scroll of teleportation {unknown}
 g - a scroll of fear {unknown}
Potions
 d - 5 potions of haste
 i - a potion of might {unknown}


   Skills:
 - Level 1.1 Fighting
 - Level 1.7 Dodging
 - Level 3.0 Unarmed Combat
 - Level 2.0 Spellcasting
 + Level 4.4 Transmutations


You had 6 spell levels left.
You knew the following spells:

 Your Spells              Type           Power      Damage    Failure   Level
a - Beastly Appendage     Tmut           26%        N/A       3%          1

Your spell library contained the following spells:

 Spells                   Type           Power      Damage    Failure   Level
 Wereblood                Tmut           13%        N/A       6%          2
 Spider Form              Tmut/Pois      3%         N/A       28%         3
 Ice Form                 Ice/Tmut       7%         N/A       67%         4
 Hydra Form               Tmut           6%         N/A       71%         5


Dungeon Overview and Level Annotations

Branches:
Dungeon (2/15)

Altars:


Innate Abilities, Weirdness & Mutations

You have temporarily grown beastly horns and talons.
Your plain brown scales are hard. (AC +5)
You cannot fit into any form of body armour.
You are cold-blooded and may be slowed by cold attacks.


Message History

You resist with some effort.
A gnoll comes into view. It is wielding a +0 flail.
The gnoll shouts!
The gnoll shaman calls upon its god to speed up the gnoll.
The gnoll seems to speed up.
There is a stone staircase leading up here.
A gnoll comes into view. It is wielding a +0 spear.
The gnoll shouts!
The gnoll shaman hits you with a +0 whip.
You climb upwards.
There is a stone staircase leading down here.
Casting: Beastly Appendage (safe; 3% risk of failure)
Confirm with . or Enter, or press ? or * to list all spells.
You grow a pair of large bovine horns.
Your feet morph into talons.
Your +0 pair of boots melds into your body.
The gnoll shaman hits you with a +0 whip.
You hit the gnoll shaman but do no damage.
Your headbutt misses the gnoll shaman.
The gnoll shaman hits you with a +0 whip!
You hit the gnoll shaman but do no damage.
You claw the gnoll shaman, but do no damage.
The gnoll shaman hits you with a +0 whip!
You barely miss the gnoll shaman.
The gnoll shaman hits you with a +0 whip.
* * * LOW HITPOINT WARNING * * *
You hit the gnoll shaman. You claw the gnoll shaman.
You tail-slap the gnoll shaman. Your punch misses the gnoll shaman.
The gnoll shaman is almost dead.
The gnoll shaman hits you with a +0 whip!
* * * LOW HITPOINT WARNING * * *
You barely miss the gnoll shaman.
You tail-slap the gnoll shaman, but do no damage.
The gnoll shaman is almost dead.
The gnoll shaman mumbles some strange prayers to its god.
The gnoll shaman is healed somewhat.
The gnoll shaman barely misses you.
It was a potion of attraction.
You feel attractive to monsters.
The gnoll shaman hits you with a +0 whip!
You die...

.....##.......#
#############.#
####### #.# #.....#
####.#### #.....#
#.......### #.....#
#.##......# #...>.#
#.##....#.# #.....#
#.##.#g.#.# ###.###
#.....>@#.# ####.#
#.......#.# .....#
##.#.####.# ...###
#.#......# ##.###
#.######## # .....#
#.# ##### ##
##.#.######.#
######...## #####.
##.#........#
#...#.###.# #.....
.....########
#.......#.####.#.#.


You could see a gnoll shaman.

Vanquished Creatures
  2 adders
  2 worms (D:2)
  A dart slug (D:1)
  2 bats (D:1)
  2 endoplasms
  2 giant cockroaches
  4 goblins (D:1)
  3 hobgoblins
  12 jackals
  3 kobolds
  3 ball pythons
  5 frilled lizards
  5 rats
46 creatures vanquished.

Vanquished Creatures (others)
  2 plants (D:1)
2 creatures vanquished.

Grand Total: 48 creatures vanquished

Notes
Turn   | Place    | Note
-------+----------+-------------------------------------------
     0 | D:1      | polve the Draconian Transmuter began the quest for the Orb.
     0 | D:1      | Reached XP level 1. HP: 16/16 MP: 3/3
    50 | D:1      | Reached XP level 2. HP: 2/23 MP: 5/5
   583 | D:1      | Reached skill level 3 in Transmutations
  1139 | D:1      | Reached XP level 3. HP: 28/28 MP: 4/6
  1244 | D:1      | You fall into a shaft and drop 1 floor!
  1280 | D:2      | HP: 1/28 [gnoll/+0 flail (7)]
  1307 | D:1      | HP: 1/28 [frilled lizard (2)]
  1952 | D:2      | Reached skill level 4 in Transmutations
  2288 | D:2      | Reached XP level 4. HP: 35/35 MP: 5/7
  2572 | D:1      | HP: 1/35 [gnoll shaman/+0 whip (8)]
  2576 | D:1      | Mangled by a gnoll shaman

Illustrated notes

Levels and vault maps discovered:
D:1:      ebering_hopf_link, layout_loops_cross, serial_glass, glass_columns_a,
          glass_columns_c, serial_bayou_pond_c
D:2:      layout_loops_cross

Skill      XL: |  1  2  3 |
---------------+----------+-----
Transmutations | 3 4 |  4.4
Fighting       | |  1.1
Dodging        | |  1.7
Unarmed Combat | |  3.0
Spellcasting   | |  2.0

Action                   |  1- 3 |  4- 6 || total
-------------------------+-------+-------++-------
Melee: Unarmed           |   142 |    16 ||   158
       Kick              |    16 |     4 ||    20
       Tailslap          |    11 |     2 ||    13
       Headbutt          |     9 |     3 ||    12
       Punch             |     2 |       ||     2
 Cast: Beastly Appendage |    22 |     3 ||    25
  Use: Potion            |     1 |     1 ||     2
 Stab: Sleeping          |     2 |       ||     2
Armor: Skin              |    50 |     1 ||    51
Dodge: Dodged            |   108 |     2 ||   110

Table legend: (Time is in decaauts)
 A = Elapsed time spent in this place.
 B = Non-inter-level travel time spent in this place.
 C = Inter-level travel time spent in this place.
 D = Time resting spent in this place.
 E = Time spent auto-exploring this place.
 F = Levels seen in this place.
 G = Mean time per level.
                   A        B        C        D        E       F      G
               +--------+--------+--------+--------+--------+-----+--------+
         Total |   2553 |   2538 |     15 |      0 |   2210 |   2 | 1276.5 |
       Dungeon |   2553 |   2538 |     15 |      0 |   2210 |   2 | 1276.5 |
               +--------+--------+--------+--------+--------+-----+--------+

Top non-repeatable levels by time:
     D:1: 1809 daAuts
     D:2: 744 daAuts
